 Dungeon Crawl Stone Soup version 0.30-a0-743-gbfdf073431 (webtiles) character file.

Game seed: 13852113339059783272

64 Farfigtubin the Grasshopper (level 4, -1/38 HPs)
             Began as a Gnoll Warper on Feb 5, 2023.
             Slain by a black bear (6 damage)
             ... on level 3 of the Dungeon.
             The game lasted 00:10:03 (1743 turns).

Farfigtubin the Grasshopper (Gnoll Warper)          Turns: 1743, Time: 00:10:04

Health: -1/38      AC:  3    Str: 13    XL:     4   Next: 12%
Magic:  11/11      EV: 12    Int: 12    God:
Gold:   62         SH:  0    Dex: 11    Spells: 8/13 levels left

rFire   . . .      SeeInvis .    a - +0 hand axe
rCold   . . .      Faith    .    (no shield)
rNeg    . . .      Spirit   .    b - +0 leather armour
rPois   .          Reflect  .    (no helmet)
rElec   .          Harm     .    (no cloak)
rCorr   .          Rampage  .    (no gloves)
Will    .....                    (no boots)
Stlth   +                        (no amulet)
HPRegen 0.26/turn                (no ring)
MPRegen 0.12/turn                (no ring)

@: no status effects
A: fangs 1, strong nose, distributed training
a: no special abilities


You were on level 3 of the Dungeon.
You visited 1 branch of the dungeon, and saw 3 of its levels.

You collected 62 gold pieces.

Inventory:

Hand Weapons
 a - a +0 hand axe (weapon)
Missiles
 d - 4 boomerangs of dispersal
Armour
 b - a +0 leather armour (worn)
Jewellery
 k - a ring of positive energy
Scrolls
 c - 2 scrolls of blinking
 f - a scroll of enchant armour {unknown}
 j - 3 scrolls of teleportation {unknown}
 l - 2 scrolls of identify {unknown}
 m - a scroll of noise {unknown}
 n - a scroll of fear {unknown}
 o - a scroll of enchant weapon {unknown}
 p - a scroll of amnesia {unknown}
Potions
 e - 2 potions of mutation {unknown}
 g - a potion of heal wounds {unknown}
 h - a potion of attraction {unknown}
 i - a potion of brilliance {unknown}


   Skills:
 + Level 4.6 Fighting
 + Level 1.1 Short Blades
 + Level 1.1 Long Blades
 + Level 4.6 Axes
 + Level 1.1 Maces & Flails
 + Level 1.1 Polearms
 + Level 1.1 Staves
 + Level 1.1 Ranged Weapons
 + Level 2.7 Throwing
 + Level 2.7 Armour
 + Level 4.6 Dodging
 + Level 1.1 Stealth
 + Level 1.1 Shields
 + Level 1.1 Unarmed Combat
 + Level 5.0 Spellcasting
 + Level 0.8 Conjurations
 + Level 0.8 Hexes
 + Level 0.8 Summonings
 + Level 0.8 Necromancy
 + Level 5.4 Translocations
 + Level 0.8 Transmutations
 + Level 0.8 Fire Magic
 + Level 0.8 Ice Magic
 + Level 0.8 Air Magic
 + Level 0.8 Earth Magic
 + Level 0.8 Poison Magic
 + Level 1.2 Invocations
 + Level 1.1 Evocations


You had 8 spell levels left.
You knew the following spells:

 Your Spells              Type           Power      Damage    Failure   Level
a - Lesser Beckoning      Tloc           32%        N/A       4%          2
b - Vhi's Electric Charg  Tloc/Air       20%        N/A       21%         3

Your spell library contained the following spells:

 Spells                   Type           Power      Damage    Failure   Level
 Blink                    Tloc           32%        N/A       4%          2
 Teleport Other           Tloc           16%        N/A       8%          3
 Summon Small Mammal      Summ           20%        N/A       19%         1
 Manifold Assault         Tloc           16%        N/A       26%         4


Dungeon Overview and Level Annotations

Branches:
Dungeon (3/15)

Altars:

Annotations:
D:3 1 transporter


Innate Abilities, Weirdness & Mutations

You have very sharp teeth.
Your uncanny sense of smell can sniff out nearby items.
Your experience applies equally to all skills.


Message History

The orc priest mumbles some strange prayers to Beogh against you.
Beogh smites you!
* * * LOW HITPOINT WARNING * * *
The giant cockroach completely misses you.
You closely miss the giant cockroach. The giant cockroach closely misses you.
You barely miss the giant cockroach. The giant cockroach barely misses you.
You hit the giant cockroach.
The giant cockroach is almost dead.
The giant cockroach closely misses you.
The giant cockroach bites you but does no damage.
You hit the giant cockroach.
You kill the giant cockroach!
You miss the quokka. The quokka closely misses you.
You hit the quokka. Your bite misses the quokka.
The quokka is moderately wounded.
The quokka barely misses you.
You hit the quokka.
The quokka is heavily wounded.
The quokka closely misses you. The quokka bites you.
* * * LOW HITPOINT WARNING * * *
You closely miss the quokka.
The quokka is heavily wounded.
The quokka closely misses you.
You hit the quokka.
You kill the quokka!
You hit the hobgoblin.
You kill the hobgoblin!
The black bear bites you!
* * * LOW HITPOINT WARNING * * *
The black bear closely misses you. The black bear barely misses you.
Things that are here:
a quokka corpse; a giant cockroach corpse You hit the black bear.
The black bear is lightly wounded.
The black bear barely misses you. The black bear closely misses you.
The black bear misses you.
You closely miss the black bear. Your bite misses the black bear.
The black bear is lightly wounded.
The black bear bites you.
You die...

#.# #.# #.# #.#
... #.# #.# #.#
#@# #h#
#.#######o#
........bo####.
.###.#..og......
.###.#.#.####...
.................
.#.#.#.#....###...
..................


You could see a black bear, an orc priest, 2 orcs, a hobgoblin and a bat.

Vanquished Creatures
  An adder (D:2)
  A worm (D:2)
  A dart slug (D:1)
  5 ball pythons
  6 endoplasms
  5 giant cockroaches
  3 goblins
  5 hobgoblins
  6 jackals (D:2)
  2 quokkas
  2 bats
  2 frilled lizards (D:1)
  2 kobolds
  A rat (D:1)
42 creatures vanquished.

Notes
Turn   | Place    | Note
-------+----------+-------------------------------------------
     0 | D:1      | Farfigtubin the Gnoll Warper began the quest for the Orb.
     0 | D:1      | Reached XP level 1. HP: 20/20 MP: 6/6
   127 | D:1      | Reached XP level 2. HP: 24/26 MP: 7/7
   456 | D:1      | Learned a level 2 spell: Lesser Beckoning
   471 | D:1      | Reached skill level 5 in Spellcasting
   471 | D:1      | Reached XP level 3. HP: 31/31 MP: 5/9
  1010 | D:1      | You fall into a shaft and drop 1 floor!
  1180 | D:2      | Reached skill level 1 in Invocations
  1366 | D:2      | Reached skill level 1 in Short Blades
  1366 | D:2      | Reached skill level 1 in Long Blades
  1366 | D:2      | Reached skill level 1 in Maces & Flails
  1366 | D:2      | Reached skill level 1 in Polearms
  1366 | D:2      | Reached skill level 1 in Staves
  1366 | D:2      | Reached skill level 1 in Ranged Weapons
  1366 | D:2      | Reached skill level 1 in Stealth
  1366 | D:2      | Reached skill level 1 in Shields
  1366 | D:2      | Reached skill level 1 in Unarmed Combat
  1366 | D:2      | Reached skill level 1 in Evocations
  1369 | D:2      | Found a faded altar of an unknown god.
  1374 | D:2      | Got Plato's Anthology of Invitation
  1633 | D:3      | Noticed a black bear
  1640 | D:2      | Learned a level 3 spell: Vhi's Electric Charge
  1687 | D:3      | Reached XP level 4. HP: 38/38 MP: 7/11
  1711 | D:3      | Found a transporter.
  1743 | D:3      | Slain by a black bear

Illustrated notes

Levels and vault maps discovered:
D:1:      dpeg_arrival_morbid_curiosity, layout_basic
D:2:      layout_loops_ring, shapermc_ecumenical_altar_rom_forum
D:3:      gammafunk_steamed_eel, layout_basic, nicolae_gozag_seed_capital

Skill      XL: |  1  2  3 |
---------------+----------+-----
Spellcasting   | 5 |  5.0
Invocations    | 1 |  1.2
Short Blades   | 1 |  1.1
Long Blades    | 1 |  1.1
Maces & Flails | 1 |  1.1
Polearms       | 1 |  1.1
Staves         | 1 |  1.1
Ranged Weapons | 1 |  1.1
Stealth        | 1 |  1.1
Shields        | 1 |  1.1
Unarmed Combat | 1 |  1.1
Evocations     | 1 |  1.1
Fighting       | |  4.6
Axes           | |  4.6
Throwing       | |  2.7
Armour         | |  2.7
Dodging        | |  4.6
Conjurations   | |  0.8
Hexes          | |  0.8
Summonings     | |  0.8
Necromancy     | |  0.8
Translocations | |  5.4
Transmutations | |  0.8
Fire Magic     | |  0.8
Ice Magic      | |  0.8
Air Magic      | |  0.8
Earth Magic    | |  0.8
Poison Magic   | |  0.8

Action                     |  1- 3 |  4- 6 || total
---------------------------+-------+-------++-------
  Melee: Hand axe          |   131 |    14 ||   145
         Bite              |    11 |       ||    11
         Punch             |     4 |       ||     4
  Throw: Boomerang         |     2 |     1 ||     3
   Cast: Lesser Beckoning  |     9 |       ||     9
         Vhi's Electric Ch |     1 |       ||     1
   Stab: Sleeping          |     1 |       ||     1
 Armour: Leather armour    |    36 |    13 ||    49
  Dodge: Dodged            |    93 |    30 ||   123

Table legend: (Time is in decaauts)
 A = Elapsed time spent in this place.
 B = Non-inter-level travel time spent in this place.
 C = Inter-level travel time spent in this place.
 D = Time resting spent in this place.
 E = Time spent auto-exploring this place.
 F = Levels seen in this place.
 G = Mean time per level.
                   A        B        C        D        E       F      G
               +--------+--------+--------+--------+--------+-----+--------+
         Total |   1754 |   1703 |     51 |      0 |    489 |   3 |  584.7 |
       Dungeon |   1754 |   1703 |     51 |      0 |    489 |   3 |  584.7 |
               +--------+--------+--------+--------+--------+-----+--------+

Top non-repeatable levels by time:
     D:1: 1015 daAuts
     D:2: 660 daAuts
     D:3: 78 daAuts
